| TOP OF THE 1ST |
|
University of South Carolina Gamecocks batting - Pitching for Stanford University Cardinal : RHP George Leroux
|
|
Pitching: RHP George Leroux
|
|
|
Batting: RHB Mike Chiquete
|
0-0: Swinging Strike 0-1: Ball 1-1: Called Strike 1-2: Ball 2-2: Ball 3-2: Strikes out swinging
|
|
Batting: RHB Emanuel Estrada
|
0-0: Ball 1-0: Swinging Strike 1-1: Ball 2-1: Ball 3-1: SINGLE (Line Drive, 89S, EV 95.6 MPH)
|
|
Batting: RHB Mike Berzins
|
0-0: Ball 1-0: SINGLE (Line Drive, 4MD, EV 102.5 MPH) Emanuel Estrada to second
|
|
Batting: LHB Jose Mafano
|
0-0: Ball 1-0: Ball 2-0: Ball 3-0: Base on Balls Emanuel Estrada to third Mike Berzins to second
|
|
Batting: RHB Danny Rodriguez
|
0-0: Fly out, F7 (Flyball, 7S, EV 90.0 MPH)
|
|
Batting: LHB Bruce Daley
|
0-0: Called Strike 0-1: Ball 1-1: Ground out U3 (Groundball, 34, EV 99.4 MPH)
|
| Top of the 1st over - 0 runs, 2 hits, 0 errors, 3 left on base; University of South Carolina 0 - Stanford University 0 |
| BOTTOM OF THE 1ST |
|
Stanford University Cardinal batting - Pitching for University of South Carolina Gamecocks : RHP Zach Clausen
|
|
Pitching: RHP Zach Clausen
|
|
|
Batting: RHB Kazumi Inouye
|
0-0: Called Strike 0-1: Fly out, F9 (Flyball, 89D, EV 101.2 MPH)
|
|
Batting: RHB Marco Morales
|
0-0: Ball 1-0: Ball 2-0: Ground out 5-3 (Groundball, 56S, EV 82.5 MPH)
|
|
Batting: RHB Guillermo Puente
|
0-0: Ball 1-0: Ball 2-0: Foul Ball, location: 2F 2-1: SINGLE (Line Drive, 4M, EV 95.0 MPH)
|
|
Batting: RHB Gong-sun Law
|
0-0: Called Strike 0-1: Ball 1-1: Ball 2-1: Foul Ball, location: 2F 2-2: Ball 3-2: Foul Ball, location: 2F 3-2: Strikes out swinging
|
| Bottom of the 1st over - 0 runs, 1 hit, 0 errors, 1 left on base; University of South Carolina 0 - Stanford University 0 |
| TOP OF THE 2ND |
|
University of South Carolina Gamecocks batting - Pitching for Stanford University Cardinal : RHP George Leroux
|
|
Batting: RHB Geoffrey Gonzalez
|
0-0: Called Strike 0-1: Foul Ball, location: 2F 0-2: Ball 1-2: Ball 2-2: Foul Ball, location: 2F 2-2: Foul Ball, location: 2F 2-2: Ground out 5-3 (Groundball, 5S, EV 82.5 MPH)
|
|
Batting: RHB Pablo Henriquez
|
0-0: Ball 1-0: Ground out 4-3 (Groundball, 4, EV 100.0 MPH)
|
|
Batting: RHB Mark Squires
|
0-0: Ball 1-0: Ground out 4-3 (Groundball, 4, EV 78.8 MPH)
|
| Top of the 2nd over - 0 runs, 0 hits, 0 errors, 0 left on base; University of South Carolina 0 - Stanford University 0 |
| BOTTOM OF THE 2ND |
|
Stanford University Cardinal batting - Pitching for University of South Carolina Gamecocks : RHP Zach Clausen
|
|
Batting: RHB Troy Bush
|
0-0: Ball 1-0: Foul Ball, location: 2F 1-1: Foul Ball, location: 2F 1-2: Strikes out swinging
|
|
Batting: LHB Chien Sam
|
0-0: Foul Ball, location: 2F 0-1: Called Strike 0-2: Strikes out swinging
|
|
Batting: SHB Danny Gallegos
|
0-0: Called Strike 0-1: Foul Ball, location: 2F 0-2: Strikes out looking
|
| Bottom of the 2nd over - 0 runs, 0 hits, 0 errors, 0 left on base; University of South Carolina 0 - Stanford University 0 |
| TOP OF THE 3RD |
|
University of South Carolina Gamecocks batting - Pitching for Stanford University Cardinal : RHP George Leroux
|
|
Batting: RHB Mike Chiquete
|
0-0: Ball 1-0: Ball 2-0: Fly out, F9 (Flyball, 89M, EV 92.5 MPH)
|
|
Batting: RHB Emanuel Estrada
|
0-0: Ball 1-0: Called Strike 1-1: Ball 2-1: Foul Ball, location: 2F 2-2: Strikes out swinging
|
|
Batting: RHB Mike Berzins
|
0-0: Ground out 4-3 (Groundball, 4, EV 90.6 MPH)
|
| Top of the 3rd over - 0 runs, 0 hits, 0 errors, 0 left on base; University of South Carolina 0 - Stanford University 0 |
| BOTTOM OF THE 3RD |
|
Stanford University Cardinal batting - Pitching for University of South Carolina Gamecocks : RHP Zach Clausen
|
|
Batting: RHB Joe Gabriel
|
0-0: Called Strike 0-1: Ball 1-1: Foul Ball, location: 2F 1-2: Strikes out looking
|
|
Batting: LHB Terry Bayer
|
0-0: Ball 1-0: Called Strike 1-1: Foul Ball, location: 2F 1-2: Ball 2-2: Strikes out swinging
|
|
Batting: RHB Kazumi Inouye
|
0-0: Swinging Strike 0-1: Foul Ball, location: 2F 0-2: Strikes out swinging
|
| Bottom of the 3rd over - 0 runs, 0 hits, 0 errors, 0 left on base; University of South Carolina 0 - Stanford University 0 |
| TOP OF THE 4TH |
|
University of South Carolina Gamecocks batting - Pitching for Stanford University Cardinal : RHP George Leroux
|
|
Batting: LHB Jose Mafano
|
0-0: Ball 1-0: Called Strike 1-1: Foul Ball, location: 2F 1-2: Ball 2-2: Foul Ball, location: 2F 2-2: Ground out 1-3 (Groundball, 34S, EV 65.6 MPH)
|
|
Batting: RHB Danny Rodriguez
|
0-0: Called Strike 0-1: Ball 1-1: Swinging Strike 1-2: Ball 2-2: Fly out, F8 (Flyball, 8RD, EV 95.0 MPH)
|
|
Batting: LHB Bruce Daley
|
0-0: Called Strike 0-1: Ball 1-1: Foul Ball, location: 2F 1-2: SINGLE (Line Drive, 34D, EV 98.1 MPH)
|
|
Batting: RHB Geoffrey Gonzalez
|
0-0: Ball 1-0: Called Strike 1-1: Swinging Strike 1-2: SINGLE (Groundball, 56, EV 98.1 MPH) Bruce Daley to second
|
|
Batting: RHB Pablo Henriquez
|
0-0: Ball 1-0: Swinging Strike 1-1: Foul Ball, location: 2F 1-2: Ground out 3-1 (Groundball, 34S, EV 79.4 MPH)
|
| Top of the 4th over - 0 runs, 2 hits, 0 errors, 2 left on base; University of South Carolina 0 - Stanford University 0 |
| BOTTOM OF THE 4TH |
|
Stanford University Cardinal batting - Pitching for University of South Carolina Gamecocks : RHP Zach Clausen
|
|
Batting: RHB Marco Morales
|
0-0: Called Strike 0-1: Ball 1-1: Ball 2-1: Called Strike 2-2: Ball 3-2: Foul Ball, location: 2F 3-2: Strikes out swinging
|
|
Batting: RHB Guillermo Puente
|
0-0: Fly out, F7 (Flyball, 7S, EV 91.9 MPH)
|
|
Batting: RHB Gong-sun Law
|
0-0: Called Strike 0-1: Fly out, F2 (Popup, 23F, EV 79.4 MPH)
|
| Bottom of the 4th over - 0 runs, 0 hits, 0 errors, 0 left on base; University of South Carolina 0 - Stanford University 0 |
| TOP OF THE 5TH |
|
University of South Carolina Gamecocks batting - Pitching for Stanford University Cardinal : RHP George Leroux
|
|
Batting: RHB Mark Squires
|
0-0: Ball 1-0: Foul Ball, location: 2F 1-1: Foul Ball, location: 2F 1-2: Foul Ball, location: 2F 1-2: Ground out 1-3 (Groundball, 23, EV 61.2 MPH)
|
|
Batting: RHB Mike Chiquete
|
0-0: Ball 1-0: Bunt for hit to 23 - play at first, batter safe!
|
|
Batting: RHB Emanuel Estrada
|
0-0: Swinging Strike 0-1: Called Strike 0-2: Ball 1-2: Ball 2-2: Fly out, F9 (Line Drive, 9, EV 95.0 MPH)
|
|
Batting: RHB Mike Berzins
|
0-0: SINGLE (Groundball, 56S, EV 61.9 MPH) (infield hit) Mike Chiquete to second
|
|
Batting: LHB Jose Mafano
|
0-0: Foul Ball, location: 2F 0-1: DOUBLE (Groundball, 3L, EV 102.5 MPH) Mike Chiquete scores Mike Berzins to third Runner from 3rd tries for Home, SAFE, throw by RF to home
|
|
Batting: RHB Danny Rodriguez
|
0-0: Fly out, F9 (Flyball, 9S, EV 75.0 MPH)
|
| Top of the 5th over - 2 runs, 3 hits, 0 errors, 1 left on base; University of South Carolina 2 - Stanford University 0 |
| BOTTOM OF THE 5TH |
|
Stanford University Cardinal batting - Pitching for University of South Carolina Gamecocks : RHP Zach Clausen
|
|
Batting: RHB Troy Bush
|
0-0: Called Strike 0-1: Ball 1-1: Called Strike 1-2: Strikes out looking
|
|
Batting: LHB Chien Sam
|
0-0: Called Strike 0-1: Ball 1-1: Swinging Strike 1-2: Foul Ball, location: 2F 1-2: Fly out, F7 (Flyball, 7LM, EV 98.1 MPH)
|
|
Batting: SHB Danny Gallegos
|
0-0: Called Strike 0-1: Foul Ball, location: 2F 0-2: Fly out, F8 (Flyball, 78S, EV 94.4 MPH)
|
| Bottom of the 5th over - 0 runs, 0 hits, 0 errors, 0 left on base; University of South Carolina 2 - Stanford University 0 |
| TOP OF THE 6TH |
|
University of South Carolina Gamecocks batting - Pitching for Stanford University Cardinal : RHP George Leroux
|
|
Pitching: RHP Eddie Georges
|
|
|
Batting: LHB Bruce Daley
|
0-0: Called Strike 0-1: Foul Ball, location: 2F 0-2: Ball 1-2: Fly out, F8 (Flyball, 8RD, EV 101.2 MPH)
|
|
Batting: RHB Geoffrey Gonzalez
|
0-0: Fly out, F7 (Line Drive, 7D, EV 95.6 MPH)
|
|
Batting: RHB Pablo Henriquez
|
0-0: Ball 1-0: Ball 2-0: Ball 3-0: Called Strike 3-1: Base on Balls
|
|
Batting: RHB Mark Squires
|
0-0: Called Strike 0-1: Foul Ball, location: 2F 0-2: Ball Pablo Henriquez steals 2nd, throwing error, E2 Pablo Henriquez to third 1-2: Hit by Pitch
|
|
Batting: RHB Mike Chiquete
|
0-0: Foul Ball, location: 2F 0-1: Fly out, F8 (Flyball, 89M, EV 83.1 MPH)
|
| Top of the 6th over - 0 runs, 0 hits, 1 error, 2 left on base; University of South Carolina 2 - Stanford University 0 |
| BOTTOM OF THE 6TH |
|
Stanford University Cardinal batting - Pitching for University of South Carolina Gamecocks : RHP Zach Clausen
|
|
Batting: RHB Joe Gabriel
|
0-0: Called Strike 0-1: Fly out, F7 (Line Drive, 78S, EV 94.4 MPH)
|
|
Batting: LHB Terry Bayer
|
0-0: Swinging Strike 0-1: Called Strike 0-2: Foul Ball, location: 2F 0-2: Ball 1-2: Strikes out looking
|
|
Batting: RHB Kazumi Inouye
|
0-0: Ball 1-0: Ground out 6-3 (Groundball, 6, EV 78.1 MPH)
|
| Bottom of the 6th over - 0 runs, 0 hits, 0 errors, 0 left on base; University of South Carolina 2 - Stanford University 0 |
| TOP OF THE 7TH |
|
University of South Carolina Gamecocks batting - Pitching for Stanford University Cardinal : RHP Eddie Georges
|
|
Batting: RHB Emanuel Estrada
|
0-0: Ball 1-0: Called Strike 1-1: Foul Ball, location: 2F 1-2: SINGLE (Flyball, 34D, EV 91.9 MPH)
|
|
Batting: RHB Mike Berzins
|
0-0: Called Strike 0-1: Foul Ball, location: 2F 0-2: Ball 1-2: Strikes out looking
|
|
Batting: LHB Jose Mafano
|
0-0: SINGLE (Flyball, 6D, EV 88.1 MPH) Emanuel Estrada to second
|
|
Batting: RHB Danny Rodriguez
|
0-0: Swinging Strike 0-1: Called Strike 0-2: Strikes out swinging
|
|
Pitching: LHP Joe Alverson
|
|
|
Batting: LHB Bruce Daley
|
0-0: Ball 1-0: Ball 2-0: Reached on error, E2 (Groundball, 2L, EV 74.4 MPH) Emanuel Estrada to third Jose Mafano to second
|
|
Batting: RHB Geoffrey Gonzalez
|
0-0: Called Strike 0-1: Foul Ball, location: 2F 0-2: Foul Ball, location: 2F 0-2: Foul Ball, location: 2F 0-2: Ball 1-2: Fielders Choice at 2nd, 5-4 (Groundball, 56, EV 93.1 MPH)
|
| Top of the 7th over - 0 runs, 2 hits, 1 error, 3 left on base; University of South Carolina 2 - Stanford University 0 |
| BOTTOM OF THE 7TH |
|
Stanford University Cardinal batting - Pitching for University of South Carolina Gamecocks : RHP Zach Clausen
|
|
Batting: RHB Marco Morales
|
0-0: Fly out, F7 (Line Drive, 7S, EV 95.6 MPH)
|
|
Batting: RHB Guillermo Puente
|
0-0: Called Strike 0-1: Ball 1-1: Foul Ball, location: 2F 1-2: Ball 2-2: Fly out, F9 (Flyball, 9, EV 88.1 MPH)
|
|
Batting: RHB Gong-sun Law
|
0-0: Ball 1-0: Ground out 5-3 (Groundball, 5, EV 96.9 MPH)
|
| Bottom of the 7th over - 0 runs, 0 hits, 0 errors, 0 left on base; University of South Carolina 2 - Stanford University 0 |
| TOP OF THE 8TH |
|
University of South Carolina Gamecocks batting - Pitching for Stanford University Cardinal : LHP Joe Alverson
|
|
Batting: RHB Pablo Henriquez
|
0-0: Foul Ball, location: 2F 0-1: Foul Ball, location: 2F 0-2: Fly out, F8 (Flyball, 8LM, EV 83.1 MPH)
|
|
Batting: RHB Mark Squires
|
0-0: Ground out 4-3 (Groundball, 4, EV 93.1 MPH)
|
|
Batting: RHB Mike Chiquete
|
0-0: Ground out 1-3 (Groundball, P, EV 65.0 MPH)
|
| Top of the 8th over - 0 runs, 0 hits, 0 errors, 0 left on base; University of South Carolina 2 - Stanford University 0 |
| BOTTOM OF THE 8TH |
|
Stanford University Cardinal batting - Pitching for University of South Carolina Gamecocks : RHP Zach Clausen
|
|
Batting: RHB Troy Bush
|
0-0: Ball 1-0: Foul Ball, location: 2F 1-1: Ground out 5-3 (Groundball, 56S, EV 90.6 MPH)
|
|
Pitching: LHP Josh Schmidt
|
|
|
Batting: LHB Chien Sam
|
0-0: Called Strike 0-1: Ball 1-1: Ground out 5-3 (Groundball, 56, EV 83.1 MPH)
|
|
Batting: SHB Danny Gallegos
|
0-0: Ball 1-0: SOLO HOME RUN (Line Drive, 7D, EV 101.9 MPH), Distance : 394 ft
|
|
Batting: RHB Joe Gabriel
|
0-0: Called Strike 0-1: Ball 1-1: Ball 2-1: Ball 3-1: Foul Ball, location: 2F 3-2: Strikes out swinging
|
| Bottom of the 8th over - 1 run, 1 hit, 0 errors, 0 left on base; University of South Carolina 2 - Stanford University 1 |
| TOP OF THE 9TH |
|
University of South Carolina Gamecocks batting - Pitching for Stanford University Cardinal : LHP Joe Alverson
|
|
Pitching: RHP Warren Waldman
|
|
|
Batting: RHB Emanuel Estrada
|
0-0: Called Strike 0-1: Called Strike 0-2: Strikes out swinging
|
|
Batting: RHB Mike Berzins
|
0-0: Called Strike 0-1: Ball 1-1: Foul Ball, location: 2F 1-2: Ball 2-2: Ball 3-2: Base on Balls
|
|
Batting: LHB Jose Mafano
|
Pickoff Play to 1st, Runner tries for 2nd, OUT after rundown. 0-0: Called Strike 0-1: Swinging Strike 0-2: Strikes out swinging
|
| Top of the 9th over - 0 runs, 0 hits, 0 errors, 0 left on base; University of South Carolina 2 - Stanford University 1 |
| BOTTOM OF THE 9TH |
|
Stanford University Cardinal batting - Pitching for University of South Carolina Gamecocks : LHP Josh Schmidt
|
|
Pitching: RHP John Martin
|
|
|
Pinch Hitting: LHB Bryan Davidson
|
0-0: Foul Ball, location: 2F 0-1: Swinging Strike 0-2: Ball 1-2: Strikes out swinging
|
|
Pinch Hitting: LHB Ryan Rogers
|
0-0: Ball 1-0: Foul Ball, location: 2F 1-1: Called Strike 1-2: Strikes out looking
|
|
Batting: RHB Jose Garduno
|
0-0: Ball 1-0: Ball 2-0: Called Strike 2-1: Foul Ball, location: 2F 2-2: Ball 3-2: Foul Ball, location: 2F 3-2: Fly out, F7 (Flyball, 7LM, EV 87.5 MPH)
|
| Bottom of the 9th over - 0 runs, 0 hits, 0 errors, 0 left on base; University of South Carolina 2 - Stanford University 1 |
|